 Dungeon Crawl Stone Soup version 0.27.0-65-ge2af304b15 (webtiles) character file.

Game seed: 13790061799295385405

398570 Froggeryz the Spry (level 23, -4/253 HPs)
             Began as an Octopode Berserker on Aug 18, 2021.
             Was the Champion of Trog.
             Slain by a deep troll shaman (19 damage)
             ... on level 4 of the Depths.
             The game lasted 01:29:46 (60932 turns).

Froggeryz the Spry (Octopode Berserker)            Turns: 60932, Time: 01:29:47

Health: -4/253     AC:  1    Str: 19    XL:     23   Next: 25%
Magic:  23/23      EV: 35    Int:  9    God:    Trog [******]
Gold:   6092       SH: 19    Dex: 19    Spells: 22/22 levels left

rFire    + + .     SeeInvis +   P - +8 mithril axe "Arga" {speed, Will+}
rCold    + + +     Faith    +   A - +5 kite shield {reflect}
rNeg     + . .     Spirit   .   Q - +0 hat of a sewer {rPois rF- Stlth+}
rPois    +         Reflect  +   x - amulet of Reeh {Faith rC++}
rElec    .         Harm     .   c - +4 ring of evasion
rCorr    +         Rampage  .   j - ring of see invisible
Will     +++..                  m - +4 ring of evasion
Stlth    ..........             l - ring of Jafoywk {rF+ rCorr}
HPRegen  0.52/turn              Y - ring of protection from fire
MPRegen  0.18/turn              S - ring of Witeh {rN+ Will+ Stlth+}
                                d - ring of protection from fire
                                V - ring of protection from cold

@: berserking, studying 3 skills, very quick
A: almost no armour, amphibious, 8 rings, camouflage 1, gelatinous body 1,
(nimble swimmer 1), tentacles
}: 2/15 runes: decaying, serpentine
a: Renounce Religion, Berserk, Trog's Hand, Brothers in Arms


You were on level 4 of the Depths.
You worshipped Trog.
Trog was exalted by your worship.
You visited 7 branches of the dungeon, and saw 38 of its levels.
You visited 1 bazaar.
You also visited: Ice Cave and Wizlab.

You collected 8380 gold pieces.
You spent 2288 gold pieces at shops.

Inventory:

Hand Weapons
 a - a +9 antimagic broad axe
 o - the +7 quick blade of Fous {freeze, rElec Will++}
   (You acquired it on level 4 of the Dungeon)

   It freezes those it strikes, dealing additional cold damage.
   It can also slow down cold-blooded creatures.
   rElec:     It insulates you from electricity.
   Will:      It greatly increases your willpower.
 P - the +8 mithril axe "Arga" (weapon) {speed, Will+}
   (You took it off a vampire on level 1 of the Elven Halls)

   Attacks with this weapon are significantly faster.
   Will:      It increases your willpower.
Missiles
 M - 24 javelins (quivered)
 R - 2 silver javelins
Armour
 A - a +5 kite shield of reflection (worn)
 Q - the +0 hat of a sewer (worn) {rPois rF- Stlth+}
   (You acquired it on level 2 of the Elven Halls)

   rF:        It makes you vulnerable to fire.
   rPois:     It protects you from poison.
   Stlth:     It makes you more stealthy.
Jewellery
 c - a +4 ring of evasion (left tentacle)
 d - a ring of protection from fire (on tentacle)
 j - a ring of see invisible (right tentacle)
 k - the ring "Zitommitt" {Drain rElec rF+ Dex+2}
   (You found it on level 4 of the Depths)

   [ring of protection from fire]

   Dex:       It affects your dexterity (+2).
   rF:        It protects you from fire.
   rElec:     It insulates you from electricity.
   Drain:     It drains your maximum health when unequipped.
 l - the ring of Jafoywk (on tentacle) {rF+ rCorr}
   (You acquired it on level 4 of the Dungeon)

   [ring of resist corrosion]

   rF:        It protects you from fire.
   rCorr:     It protects you from acid and corrosion.
 m - a +4 ring of evasion (on tentacle)
 u - the ring "Odudue" {Fire Str+6 Stlth+}
   (You found it on level 3 of the Depths)

   [ring of fire]

   It enhances your fire magic.
   Str:       It affects your strength (+6).
   rF:        It protects you from fire.
   rC:        It makes you vulnerable to cold.
   Stlth:     It makes you more stealthy.
 x - the amulet of Reeh (around mantle) {Faith rC++}
   (You took it off a deep elf knight on level 3 of the Elven Halls)

   [amulet of faith]

   It allows you to gain divine favour quickly.
   rC:        It greatly protects you from cold.
 G - a ring of flight
 S - the ring of Witeh (on tentacle) {rN+ Will+ Stlth+}
   (You took it off a deep elf death mage on level 3 of the Elven Halls)

   [ring of willpower]

   rN:        It protects you from negative energy.
   Will:      It increases your willpower.
   Stlth:     It makes you more stealthy.
 V - a ring of protection from cold (on tentacle)
 W - the amulet "Fuatz" {Spirit Fragile rElec Str+3 Int+4}
   (You found it on level 1 of the Swamp)

   [amulet of guardian spirit]

   It causes incoming damage to be divided between your reserves of health and
   magic.
   Str:       It affects your strength (+3).
   Int:       It affects your intelligence (+4).
   rElec:     It insulates you from electricity.
   Fragile:   It will be destroyed if unequipped.
 X - a ring of ice
 Y - a ring of protection from fire (on tentacle)
Wands
 i - a wand of flame (132)
 p - a wand of iceblast (22)
 E - a wand of paralysis (9)
 K - a wand of digging (9)
 N - a wand of acid (47)
 O - a wand of mindburst (55)
Scrolls
 e - 4 scrolls of enchant armour
 f - 2 scrolls of enchant weapon
 h - 9 scrolls of fog
 n - a scroll of blinking
 t - 3 scrolls of silence
 y - 9 scrolls of immolation
 B - 18 scrolls of teleportation
 D - 4 scrolls of summoning
 F - 2 scrolls of magic mapping
 L - a scroll of fear
Potions
 b - 9 potions of might
 g - a potion of heal wounds
 q - 10 potions of ambrosia
 r - 21 potions of curing
 v - 12 potions of haste
 w - 5 potions of flight
 I - 4 potions of mutation
 Z - a potion of resistance
Miscellaneous
 s - a phial of floods
 T - a condenser vane
 U - a phantom mirror


   Skills:
 + Level 17.3 Fighting
 - Level 10.4 Short Blades
 - Level 18.1 Axes
 - Level 12.2 Throwing
 + Level 19.3 Dodging
 + Level 18.6 Stealth
 - Level 15.5 Shields
 - Level 6.1 Evocations


You had 22 spell levels left.
You didn't know any spells.
Your spell library was empty.

Dungeon Overview and Level Annotations

Branches:
Dungeon (15/15)            Temple (0/1) D:5            Lair (6/6) D:11
  Swamp (4/4) Lair:2        Snake (4/4) Lair:3        Slime (0/5) Lair:5
    Orc (2/2) D:10            Elf (3/3) Orc:2        Vaults (0/5) D:14
 Depths (4/5) D:15          IceCv (visited)          WizLab (visited)

Altars:
Elyvilon
Fedhas
Gozag
Hepliaklqana
Kikubaaqudgha
Okawaru
Sif Muna
Trog
Wu Jian

Shops:
D:1 [   D:6 !   D:8 (   D:9 [   Orc:2 ([=**   Elf:2 !*(:   Snake:1 (
Depths:1 =*   Depths:2 [

Portals:
Hell: Depths:1 Depths:2 Depths:3
Abyss: Depths:3
Pandemonium: Depths:3
Trove: D:11 (give 5 potions of resistance)

Annotations:
D:14 exclusion: downstairs
D:15 exclusion: upstairs


Innate Abilities, Weirdness & Mutations

You cannot wear most types of armour.
You are amphibious.
You can wear up to eight rings at the same time.
Your skin changes colour to match your surroundings (Stealth+).
Your rubbery body absorbs attacks. (AC +1, EV +1)
((You are camouflaged near water. (Stealth+)))
You have tentacles for arms and can constrict up to eight enemies at once.


Message History

The deep troll is severely wounded.
You slash the deep troll shaman!
You hit the deep troll but do no damage.
You closely miss the deep troll shaman.
The deep troll shaman is lightly wounded.
You hit the deep troll. x2; You block the deep troll's attack.
The deep troll misses you. The deep troll completely misses you.
You block the deep troll's attack. x2; The deep troll misses you.
The deep troll shaman closely misses you.
The deep troll shaman completely misses you.
The deep troll shaman claws you!
* * * LOW HITPOINT WARNING * * *
You slash the deep troll shaman!
The deep troll shaman is moderately wounded.
You barely miss the deep troll. You slash the deep troll!
You block the deep troll's attack. The deep troll completely misses you.
You block the deep troll's attack.
You slash the deep troll shaman!
The deep troll shaman is heavily wounded.
You hit the deep troll. x2; The deep troll bites you!!
* * * LOW HITPOINT WARNING * * *
The deep troll barely misses you. You block the deep troll's attack.
You block the deep troll shaman's attack.
The deep troll shaman completely misses you. x2
You feel much better. You block the deep troll's attack.
The deep troll completely misses you. The deep troll closely misses you.
The deep troll bites you!!
* * * LOW HITPOINT WARNING * * *
You block the deep troll's attack. The deep troll barely misses you.
The deep troll misses you. You block the deep troll's attack.
The deep troll closely misses you.
The deep troll shaman completely misses you. x3
A red film seems to cover your vision as you go berserk!
You feel yourself moving faster!
You feel mighty!
You block the deep troll's attack. x2; The deep troll completely misses you.
You block the deep troll's attack. x2; The deep troll closely misses you.
The deep troll shaman bites you!!
* * * LOW HITPOINT WARNING * * *
The deep troll shaman claws you!!
You die...

........# .. ........# ..
........# .# ........#..
# ........#. .# <........
.. ......TT#'#######
###### #@T.......# #....#
#........<# #....#
#.........# #####....#
#.........# ##...#....#
#.........#
#....'....#######'######
#...##.................#
#######.......^.......<.#
#........)..............#


You could see 2 deep trolls and a deep troll shaman.

Vanquished Creatures
  Mara (Depths:2)
  A juggernaut (Depths:3)
  A caustic shrike (Depths:2)
  2 Ice Fiends (IceCv)
  A tentacled monstrosity (Depths:1)
  Asterion (Depths:2)
  2 deep elf blademasters
  A titan (Depths:2)
  A lich (Depths:3)
  An ancient champion (Elf:1)
  A deep elf master archer (Elf:3)
  A tentacled starspawn (WizLab)
  A tengu reaver (Depths:2)
  The ghost of Gokhumny the Blocker, an adept GnFi of Okawaru (Swamp:3)
  A shadow dragon (Depths:3)
  A thorn hunter (Swamp:4)
  A storm dragon (Depths:1)
  A fenstrider witch (Swamp:2)
  A fire giant (Depths:3)
  4 nagarajas
  An azure jelly (Swamp:4)
  Roxanne (Snake:2)
  An azure jelly (shapeshifter) (Depths:1)
  6 deep elf sorcerers
  Louise (D:15)
  6 frost giants
  An iron dragon (Depths:2)
  Aizul (Snake:2)
  An orc warlord (Orc:1)
  4 deep elf elementalists
  A reaper (Depths:2)
  2 spriggan defenders (Depths:3)
  A ghoul (Swamp:3)
  18 stone giants
  10 very ugly things
  6 deep elf demonologists
  A vampire knight (Depths:3)
  2 dire elephants (Swamp:4)
  3 spark wasps
  5 deep elf annihilators (Elf:3)
  5 bunyips
  6 eleionomae
  11 ettins
  Josephine (Orc:2)
  Snorg (Orc:2)
  8 deep elf death magi
  9 jiangshi
  2 shambling mangroves
  7 fire dragons
  3 deep elf high priests (Elf:3)
  5 boulder beetles
  8 great orbs of eyes
  A vault guard (D:11)
  5 rakshasas
  17 hydras
  18 naga warriors
  2 hell beasts (Depths:2)
  A salamander tyrant (Snake:4)
  4 spriggan air magi
  3 caustic shrike simulacra (IceCv)
  2 ogre magi (D:15)
  12 ice dragons
  2 ghost crabs
  3 catoblepae
  A merfolk avatar (Lair:6)
  3 centaur warriors
  4 deep troll shamans
  6 death yaks (Lair:2)
  8 alligators
  12 anacondas
  32 dancing weapons
  6 tengu warriors
  13 two-headed ogres
  14 naga sharpshooters
  5 vampire magi
  5 orc high priests
  5 shock serpents
  Nergalle (D:12)
  Urug (D:12)
  5 spriggan berserkers
  7 deep troll earth magi
  A thrashing horror (WizLab)
  A soul eater (WizLab)
  20 deep elf knights
  7 hell knights
  2 skeletal warriors (Elf:1)
  11 deep trolls
  8 salamander mystics
  7 iron trolls
  A shadow wraith (WizLab)
  A storm dragon skeleton (Depths:3)
  9 goliath frogs
  4 sea snakes
  2 flayed ghosts
  A golden dragon zombie (Depths:4)
  An orange crystal statue (Depths:3)
  A glowing orange brain (Depths:1)
  A quicksilver dragon simulacrum (Depths:2)
  2 obsidian statues (IceCv)
  8 naga ritualists
  7 deep elf archers
  3 spriggan druids
  7 orc knights
  6 bog bodies
  3 harpies (Lair:6)
  32 deep elf pyromancers
  26 ugly things
  8 necromancers
  22 deep elf zephyrmancers
  3 mana vipers
  3 manticores
  An oklob plant (Lair:1)
  A stone giant zombie (Depths:1)
  A cyclops (D:14)
  7 orc sorcerers
  3 will-o-the-wisps
  A shadow dragon skeleton (Depths:4)
  An iron dragon skeleton (Depths:4)
  A stone giant skeleton (WizLab)
  A worldbinder (WizLab)
  16 elephants
  A fire giant skeleton (Depths:1)
  29 salamanders
  5 guardian serpents
  Maurice (D:13)
  Joseph (D:7)
  An elephant (shapeshifter) (Depths:2)
  20 black mambas
  27 naga magi
  An orange demon (WizLab)
  5 spectral elves (Elf:1)
  15 cane toads
  An elf zombie (Depths:3)
  A spriggan zombie (Depths:1)
  An unseen horror (D:11)
  Psyche (D:9)
  4 rime drakes
  2 tengu conjurers
  12 freezing wraiths
  2 spriggan skeletons (Depths:1)
  4 komodo dragons
  3 golden dragon simulacra (IceCv)
  6 tyrant leeches
  8 trolls
  A wolf spider simulacrum (D:14)
  Prince Ribbit (D:5)
  3 meliai (D:15)
  27 blink frogs
  4 polar bears
  11 hornets
  8 slime creatures
  A slime creature (shapeshifter) (Depths:2)
  12 dream sheep
  A large abomination (WizLab)
  A dream sheep (shapeshifter) (Depths:2)
  A flying skull (Elf:1)
  4 air elementals
  A centaur simulacrum (D:14)
  8 wraiths
  An ettin skeleton (Depths:1)
  An elf skeleton (Depths:3)
  An ice dragon skeleton (Depths:1)
  A vampire (Elf:1)
  16 spriggans
  8 water elementals
  3 spriggan simulacra
  3 basilisks
  A hog (shapeshifter) (D:13)
  4 fire elementals
  2 golden eyes (shapeshifter)
  8 wyverns
  52 yaks
  4 steam dragons
  4 fire bats (D:13)
  5 vampire mosquitoes
  A spatial vortex (WizLab)
  44 nagas
  6 swamp worm simulacra (Swamp:4)
  6 wargs
  A warg (shapeshifter) (Depths:2)
  13 swamp worms
  15 hydra simulacra (Swamp:4)
  An acid dragon (D:9)
  13 water moccasins
  Duvessa (D:6)
  4 ettin simulacra (IceCv)
  2 ice beasts
  2 hell hounds
  A hornet zombie (D:8)
  An ice beast (shapeshifter) (Elf:1)
  4 sky beasts
  2 swamp drakes (Swamp:2)
  3 black bears
  15 ogres
  40 orc warriors
  23 wolves
  A boggart (WizLab)
  8 necrophages
  9 centaurs
  3 phantoms
  2 elf simulacra (Elf:1)
  2 kobold brigands
  22 bullfrogs
  A gnoll sergeant (D:12)
  A wyvern zombie (D:4)
  7 earth elementals
  A deep troll simulacrum (IceCv)
  3 scorpions
  Dowan (D:6)
  A water moccasin skeleton (D:7)
  A lindwurm simulacrum (IceCv)
  10 wights
  9 killer bees
  5 howler monkeys (D:13)
  7 electric eels
  4 lava snakes
  A bullfrog zombie (D:5)
  5 centaur zombies
  2 jellies (Lair:5)
  2 bullfrog skeletons (D:5)
  2 hounds
  15 orc priests
  A centaur skeleton (D:5)
  3 iguanas
  16 orc wizards
  A hound skeleton (D:4)
  4 adders
  4 gnolls (D:12)
  3 howler monkey skeletons
  2 white imps
  2 swamp drake simulacra (Swamp:4)
  An ufetubus (D:7)
  2 worms
  2 dart slugs
  81 orcs
  6 ball pythons
  10 endoplasms
  6 giant cockroaches
  15 goblins
  10 hobgoblins
  2 jackals (D:5)
  5 quokkas
  4 bats
  3 frilled lizards
  8 kobolds
  6 rats
  2 fire vortices (D:13)
1473 creatures vanquished.

Vanquished Creatures (collateral kills)
  A frost giant (Depths:3)
  A stone giant (Depths:3)
  A vampire knight (Depths:3)
  A spriggan air mage (Depths:3)
  3 hell knights (Depths:3)
  An iron troll (Depths:3)
  A deep troll (Depths:3)
  A guardian serpent (Snake:3)
  3 salamanders (Snake:3)
  A naga mage (Lair:3)
  A flying skull (Elf:1)
  A naga (Snake:3)
16 creatures vanquished.

Vanquished Creatures (others)
  A shambling mangrove (Swamp:4)
  A will-o-the-wisp (Swamp:4)
  4 bloated husks
  3 hornets (Swamp:4)
  A swamp worm (Swamp:4)
  An orc priest (D:8)
  A fire vortex (D:13)
  8 foxfires (Swamp:4)
  121 fungi
  A lost soul (Elf:1)
  225 plants
367 creatures vanquished.

Grand Total: 1856 creatures vanquished

Notes
Turn   | Place    | Note
-------+----------+-------------------------------------------
     0 | D:1      | Froggeryz the Octopode Berserker began the quest for the
                  | Orb.
     0 | D:1      | Reached XP level 1. HP: 16/16 MP: 1/1
    39 | D:1      | Reached XP level 2. HP: 15/21 MP: 2/2
   132 | D:1      | Found Jyrphesm's Armour Shop.
   237 | D:1      | Found a faded altar of an unknown god.
   554 | D:1      | Reached XP level 3. HP: 26/26 MP: 3/3
   636 | D:2      | Reached ** piety under Trog
  1305 | D:2      | Reached XP level 4. HP: 29/31 MP: 4/4
  2159 | D:3      | Found an ornate altar of the Wu Jian Council.
  2803 | D:4      | Reached skill level 5 in Short Blades
  2803 | D:4      | Reached skill level 4 in Dodging
  2803 | D:4      | Reached XP level 5. HP: 22/36 MP: 5/5
  3095 | D:4      | Reached *** piety under Trog
  3181 | D:4      | Noticed a phantom
  3183 | D:4      | Reached XP level 6. HP: 38/42 MP: 6/6
  3210 | D:4      | Identified 3 scrolls of acquirement
  3211 | D:4      | Acquired 1367 gold pieces
  3214 | D:4      | Acquired 992 gold pieces
  3216 | D:4      | Acquired the ring of Jafoywk {rF+ rCorr}
  3325 | D:4      | Acquired the +7 quick blade of Fous {freeze, rElec Will++}
  3428 | D:4      | Found a white marble altar of Elyvilon.
  3576 | D:4      | Reached XP level 7. HP: 46/46 MP: 7/7
  3578 | D:4      | Reached skill level 5 in Dodging
  3709 | D:5      | Entered Level 5 of the Dungeon
  3719 | D:5      | Noticed Prince Ribbit
  3730 | D:5      | Killed Prince Ribbit
  3804 | D:5      | Found a staircase to the Ecumenical Temple.
  3814 | D:5      | Reached XP level 8. HP: 52/52 MP: 8/8
  3877 | D:5      | Reached **** piety under Trog
  3878 | D:5      | Reached skill level 5 in Stealth
  4603 | D:6      | Found Plog's Distillery.
  4640 | D:6      | Bought a potion of haste for 150 gold pieces
  4640 | D:6      | Bought a potion of might for 60 gold pieces
  4640 | D:6      | Bought a potion of curing for 45 gold pieces
  4640 | D:6      | Bought 2 potions of haste for 300 gold pieces
  4640 | D:6      | Bought 2 potions of curing for 90 gold pieces
  4640 | D:6      | Bought a potion of might for 60 gold pieces
  4640 | D:6      | Bought a potion of flight for 45 gold pieces
  4640 | D:6      | Bought a potion of degeneration for 15 gold pieces
  4640 | D:6      | Bought a potion of ambrosia for 120 gold pieces
  4745 | D:6      | Found a blossoming altar of Fedhas.
  4771 | D:6      | Reached XP level 9. HP: 56/56 MP: 9/9
  4811 | D:6      | Found an iron altar of Okawaru.
  4891 | D:6      | Noticed Dowan
  4895 | D:6      | Noticed Duvessa
  4910 | D:6      | Killed Dowan
  4911 | D:6      | Killed Duvessa
  4944 | D:6      | Found an ancient bone altar of Kikubaaqudgha.
  5238 | D:7      | Found a bloodstained altar of Trog.
  5254 | D:7      | Noticed Joseph
  5258 | D:7      | Reached ***** piety under Trog
  5259 | D:7      | Reached skill level 10 in Stealth
  5278 | D:7      | Killed Joseph
  5279 | D:7      | Reached skill level 10 in Short Blades
  5752 | D:7      | Reached XP level 10. HP: 62/63 MP: 10/10
  6442 | D:8      | Reached skill level 5 in Fighting
  6529 | D:8      | Received a gift from Trog
  6605 | D:8      | Reached skill level 6 in Dodging
  6617 | D:8      | Found a hazy altar of Hepliaklqana.
  6887 | D:8      | Found Daruine's Antique Weapon Shoppe.
  7548 | D:9      | Noticed a two-headed ogre
  7549 | D:9      | Killed a two-headed ogre
  7550 | D:9      | Reached skill level 7 in Dodging
  7550 | D:9      | Reached XP level 11. HP: 75/75 MP: 11/11
  7649 | D:9      | Found Joboq's Armour Shop.
  7868 | D:9      | Noticed Psyche
  7876 | D:9      | Killed Psyche
  8580 | D:10     | Entered Level 10 of the Dungeon
  8802 | D:10     | Found a staircase to the Orcish Mines.
  8927 | D:10     | Acquired 1095 gold pieces
  8952 | D:10     | Reached skill level 8 in Dodging
  9253 | D:10     | Noticed a two-headed ogre
  9255 | D:10     | Noticed a two-headed ogre
  9259 | D:10     | Killed a two-headed ogre
  9263 | D:10     | Killed a two-headed ogre
  9591 | D:11     | Reached skill level 10 in Fighting
  9868 | D:11     | Found a staircase to the Lair.
  9895 | D:11     | Noticed a two-headed ogre
  9900 | D:11     | Noticed a white ugly thing
  9900 | D:11     | You fall into a shaft and drop 2 floors!
 10111 | D:11     | Killed a two-headed ogre
 10112 | D:11     | Reached skill level 9 in Dodging
 10112 | D:11     | Reached XP level 12. HP: 89/89 MP: 12/12
 10201 | D:11     | Received a gift from Trog
 10474 | D:11     | Noticed a vault guard
 10477 | D:11     | Killed a vault guard
 10480 | D:11     | Found a portal to a secret trove of treasure.
 11068 | D:12     | Noticed Nergalle
 11081 | D:12     | Killed Nergalle
 11214 | D:12     | Noticed an eight-headed hydra
 11222 | D:12     | Killed an eight-headed hydra
 11297 | D:12     | Found a shimmering blue altar of Sif Muna.
 11350 | D:12     | Noticed a boulder beetle
 11351 | D:12     | Noticed Urug
 11637 | D:11     | Killed a boulder beetle
 11638 | D:11     | Reached skill level 10 in Dodging
 11795 | D:12     | Killed Urug
 11796 | D:12     | Reached skill level 1 in Evocations
 12193 | Lair:1   | Entered Level 1 of the Lair of Beasts
 12218 | Lair:1   | Acquired a +1 kite shield of reflection
 12298 | Lair:1   | Reached skill level 1 in Shields
 13177 | Lair:2   | Noticed a boulder beetle
 13197 | Lair:2   | Killed a boulder beetle
 13261 | Lair:2   | Reached XP level 13. HP: 98/98 MP: 13/13
 13510 | Lair:2   | Found a staircase to the Swamp.
 13589 | Lair:2   | Reached skill level 11 in Dodging
 13601 | Lair:2   | Reached skill level 5 in Evocations
 13641 | Lair:2   | Received a gift from Trog
 14059 | Lair:2   | Reached skill level 5 in Shields
 14987 | Lair:2   | Reached skill level 12 in Dodging
 15547 | Lair:3   | Found a staircase to the Snake Pit.
 15750 | Lair:3   | Reached XP level 14. HP: 104/104 MP: 14/14
 16278 | Snake:1  | Entered Level 1 of the Snake Pit
 16602 | Lair:4   | Reached skill level 13 in Dodging
 17822 | Lair:5   | Received a gift from Trog
 17944 | Lair:5   | Found a staircase to the Slime Pits.
 17949 | Lair:5   | Reached skill level 10 in Shields
 18415 | Lair:5   | Reached skill level 14 in Dodging
 18660 | Lair:6   | Entered Level 6 of the Lair of Beasts
 19069 | Lair:6   | Reached XP level 15. HP: 102/109 MP: 15/15
 19129 | Lair:6   | Identified the +7 trident of the Poles {vorpal, rPois rF+
                  | Stlth+}
 20049 | Orc:1    | Entered Level 1 of the Orcish Mines
 20200 | Orc:2    | Entered Level 2 of the Orcish Mines
 20561 | Orc:1    | Received a gift from Trog
 20854 | Orc:2    | Found Vuor's Jewellery Emporium.
 20879 | Orc:2    | Reached skill level 15 in Dodging
 21276 | Orc:2    | Found Mogopef's General Store.
 21276 | Orc:2    | Noticed an orc warlord
 21399 | Orc:1    | Killed an orc warlord
 22165 | Orc:2    | Reached skill level 1 in Throwing
 22312 | Orc:2    | Bought a potion of heal wounds for 55 gold pieces
 22312 | Orc:2    | Bought a scroll of identify for 22 gold pieces
 22403 | Orc:2    | Reached ****** piety under Trog
 22403 | Orc:2    | Received a gift from Trog
 22448 | Orc:2    | Found Fuhyes's Antique Armour Emporium.
 22510 | Orc:2    | Noticed Josephine
 22514 | Orc:2    | Noticed Snorg
 22527 | Orc:2    | Killed Josephine
 22547 | Orc:2    | Killed Snorg
 22572 | Orc:2    | Found Defoagab's Antique Weapon Boutique.
 22594 | Orc:2    | Found a staircase to the Elven Halls.
 22682 | Orc:2    | Found Farphyg's CLEARANCE SALE! EVERYTHING MUST GO!.
 22690 | Orc:2    | Bought 6 javelins for 28 gold pieces
 22690 | Orc:2    | Bought a scroll of identify for 12 gold pieces
 23067 | D:13     | Noticed Maurice
 23077 | D:13     | Killed Maurice
 23111 | D:14     | Found an opulent altar of Gozag.
 24113 | D:14     | Reached skill level 5 in Throwing
 24156 | D:14     | Found a gate to the Vaults.
 24176 | D:14     | Reached XP level 16. HP: 110/115 MP: 16/16
 24685 | D:15     | Entered Level 15 of the Dungeon
 24720 | D:15     | Noticed Louise
 24803 | D:15     | Killed Louise
 24803 | D:15     | Received a gift from Trog
 26530 | D:15     | Found a staircase to the Depths.
 26916 | Swamp:1  | Entered Level 1 of the Swamp
 27527 | Lair:3   | HP: 5/115 [poisoned by naga mage (concentrated venom)]
 27976 | Elf:1    | Entered Level 1 of the Elven Halls
 28015 | Elf:1    | Reached skill level 15 in Shields
 28080 | Elf:1    | Identified the amulet of Midnight {Regen+ Dex+2}
 28158 | Elf:1    | Received a gift from Trog
 28545 | Elf:1    | Reached XP level 17. HP: 121/121 MP: 17/17
 29102 | Elf:1    | Noticed an ancient champion
 29145 | Elf:1    | Killed an ancient champion
 29493 | Elf:2    | Found Qujivaurr's Weapon Shoppe.
 29531 | Elf:2    | Found a flickering gateway to a bazaar.
 29540 | Elf:2    | Found a magical portal.
 29545 | WizLab   | Entered The Roulette of Golubria
 29545 | WizLab   | Found a transporter.
 29550 | WizLab   | Found a corrupted altar of Lugonu.
 29604 | WizLab   | Noticed a tentacled starspawn
 29610 | WizLab   | Killed a tentacled starspawn
 29642 | WizLab   | Found a transporter.
 29646 | WizLab   | Found a transporter.
 29695 | WizLab   | Found a transporter.
 29702 | WizLab   | Found a corrupted altar of Lugonu.
 29722 | WizLab   | Found a transporter.
 29722 | WizLab   | Found a transporter.
 29723 | WizLab   | Received a gift from Trog
 29752 | WizLab   | Found a transporter.
 29798 | Elf:2    | Found Dalaops's Book Boutique.
 29832 | Elf:2    | Found Suliet's Assorted Antiques.
 29833 | Elf:2    | Paralysed by an air elemental for 1 turns
 29882 | Elf:2    | Found Oteudghu's Distillery.
 29893 | Elf:2    | Reached skill level 16 in Dodging
 29953 | Bazaar   | Entered a bazaar
 29953 | Bazaar   | Found Dyahaw's Magic Scroll Emporium.
 29953 | Bazaar   | Found Bubb's Book Shop.
 29953 | Bazaar   | Found Falo's Distillery.
 29953 | Bazaar   | Found Ytixud's General Store.
 29955 | Bazaar   | Found Opean's Jewellery Shoppe.
 29955 | Bazaar   | Found Nyeve's Antique Armour Boutique.
 30114 | Bazaar   | Bought a scroll of teleportation for 36 gold pieces
 30114 | Bazaar   | Bought a scroll of fog for 24 gold pieces
 30114 | Bazaar   | Bought a scroll of summoning for 114 gold pieces
 30114 | Bazaar   | Bought a scroll of silence for 90 gold pieces
 30114 | Bazaar   | Bought a scroll of teleportation for 36 gold pieces
 30114 | Bazaar   | Bought a scroll of fog for 24 gold pieces
 30114 | Bazaar   | Bought a scroll of immolation for 42 gold pieces
 30114 | Bazaar   | Bought a scroll of immolation for 42 gold pieces
 30119 | Bazaar   | Bought a potion of curing for 21 gold pieces
 30119 | Bazaar   | Bought a potion of heal wounds for 35 gold pieces
 30119 | Bazaar   | Bought a potion of curing for 21 gold pieces
 30119 | Bazaar   | Bought a potion of might for 28 gold pieces
 30119 | Bazaar   | Bought a potion of might for 28 gold pieces
 30119 | Bazaar   | Bought a potion of might for 28 gold pieces
 30119 | Bazaar   | Bought a potion of mutation for 56 gold pieces
 30219 | Elf:2    | Bought a metallic golden potion for 23 gold pieces
 30221 | Elf:2    | Bought a scroll of enchant weapon for 195 gold pieces
 30221 | Elf:2    | Bought a wand of flame (20) for 26 gold pieces
 30226 | Elf:2    | Identified the +3 helmet of a volcano {rPois rF- Int+3
                  | Slay+3 Stlth+}
 30243 | Elf:2    | Bought 2 potions of curing for 90 gold pieces
 30243 | Elf:2    | Bought a potion of curing for 45 gold pieces
 30243 | Elf:2    | Bought a potion of heal wounds for 75 gold pieces
 30243 | Elf:2    | Bought a potion of curing for 45 gold pieces
 30243 | Elf:2    | Bought a potion of curing for 45 gold pieces
 30243 | Elf:2    | Bought a potion of curing for 45 gold pieces
 30278 | Elf:2    | Bought 2 silver javelins for 72 gold pieces
 30557 | Elf:2    | Found a huge runed translucent gate.
 30557 | Elf:2    | Found a huge runed translucent gate.
 30558 | Elf:2    | Found a huge runed translucent gate.
 30697 | Elf:2    | Found a huge runed translucent gate.
 30697 | Elf:2    | Found a huge runed translucent gate.
 30798 | Elf:2    | Reached XP level 18. HP: 86/129 MP: 8/18
 31424 | Elf:2    | Received a gift from Trog
 31442 | Elf:2    | Reached skill level 10 in Throwing
 31447 | Elf:2    | Reached skill level 15 in Stealth
 31630 | Elf:3    | Entered Level 3 of the Elven Halls
 31696 | Elf:3    | Noticed a deep elf master archer
 31698 | Elf:3    | Noticed a Brimstone Fiend
 31972 | Elf:3    | Noticed a deep elf blademaster
 32046 | Elf:3    | Noticed a Brimstone Fiend
 32057 | Elf:2    | Killed a deep elf blademaster
 32179 | Elf:3    | Killed a deep elf master archer
 32372 | Elf:3    | Noticed a deep elf blademaster
 32388 | Elf:3    | Killed a deep elf blademaster
 32679 | Elf:3    | Identified the +1 leather armour of Mebri {rElec rPois rN+
                  | Dex+4}
 32679 | Elf:3    | Identified the ring of Witeh {rN+ Will+ Stlth+}
 32843 | Elf:3    | Identified the +7 scythe "Lootseant" {vorpal, rN+ Str+3
                  | Dex+3}
 32843 | Elf:3    | Identified the +3 robe "Kiyzxoqo" {+Blink rC++ Int+4}
 32843 | Elf:3    | Identified the amulet of Reeh {Faith rC++}
 33202 | Elf:3    | Found the +8 longbow "Zephyr" {speed, Dex+3 SInv}
 33226 | Elf:3    | Identified the +1 ring mail of Menix {rElec rPois rF-}
 33258 | Elf:3    | Identified the +6 flail of the Devouring Mosquito {speed,
                  | rCorr}
 33892 | Elf:3    | Identified the +8 dagger of Uceati {freeze, rElec rC- Will+
                  | Int+4}
 34223 | Elf:3    | Received a gift from Trog
 34725 | Elf:3    | Acquired the +0 hat of a sewer {rPois rF- Stlth+}
 34991 | Swamp:1  | Reached skill level 17 in Dodging
 35003 | Swamp:1  | Identified the amulet "Fuatz" {Spirit Fragile rElec Str+3
                  | Int+4}
 35290 | Swamp:1  | Reached XP level 19. HP: 137/137 MP: 19/19
 35405 | Swamp:1  | Reached skill level 1 in Axes
 35724 | Swamp:2  | Found a frozen archway.
 35768 | IceCv    | Entered an ice cave
 36209 | IceCv    | Noticed an Ice Fiend
 36210 | IceCv    | Found the +4 skin of Zhor {*Englaciate rC+++ SInv}
 36210 | IceCv    | Noticed an Ice Fiend
 36218 | IceCv    | Killed an Ice Fiend
 36223 | IceCv    | Killed an Ice Fiend
 36469 | IceCv    | Received a gift from Trog
 37423 | Swamp:3  | Reached skill level 15 in Fighting
 37895 | Swamp:3  | Found a runed translucent door.
 37896 | Swamp:3  | Noticed Gokhumny's ghost (adept GnFi)
 38374 | Swamp:3  | Killed Gokhumny's ghost
 38424 | Swamp:4  | Entered Level 4 of the Swamp
 38954 | Swamp:4  | Received a gift from Trog
 39107 | Swamp:4  | Reached skill level 5 in Axes
 40769 | Swamp:4  | Got a decaying rune of Zot
 40905 | Snake:1  | Received a gift from Trog
 40920 | Snake:1  | Found Luwock's Antique Weapon Emporium.
 40979 | Snake:1  | Reached XP level 20. HP: 140/148 MP: 20/20
 41604 | Snake:1  | Acquired a +3 quick blade
 42869 | Snake:2  | Noticed Aizul
 42874 | Snake:2  | Killed Aizul
 42963 | Snake:2  | Identified Roxanne's Disquisition on Transmutation
 42963 | Snake:2  | Noticed Roxanne
 43656 | Snake:2  | Killed Roxanne
 43703 | Snake:3  | Received a gift from Trog
 43842 | Snake:3  | Reached skill level 10 in Axes
 45557 | Snake:4  | Entered Level 4 of the Snake Pit
 46202 | Snake:3  | Received a gift from Trog
 46709 | Snake:3  | Acquired a manual of Dodging
 48655 | Snake:4  | Received a gift from Trog
 48805 | Snake:3  | Reached XP level 21. HP: 153/153 MP: 16/21
 49766 | Snake:4  | Got a serpentine rune of Zot
 50313 | Depths:1 | Entered Level 1 of the Depths
 51519 | Depths:1 | Found Gozag's Platinum Reserve.
 51523 | Depths:1 | Found an opulent altar of Gozag.
 51550 | Depths:1 | Found a gateway to Hell.
 51600 | Depths:1 | Reached skill level 15 in Axes
 51778 | Depths:1 | Received a gift from Trog
 52575 | Depths:1 | Found the +1 cloak of Starlight {*Dazzle EV+4 Stlth--}
 52581 | Depths:1 | Found the +8 whip "Snakebite" {venom, curare, rPois}
 53222 | Depths:1 | Found Weceinom's Jewellery Shoppe.
 53878 | Depths:2 | Noticed Asterion
 53885 | Depths:2 | Killed Asterion
 54105 | Depths:2 | Noticed Mara
 54130 | Depths:2 | Killed Mara
 54284 | Depths:2 | Found Nostikak's Antique Armour Boutique.
 54380 | Depths:2 | Reached XP level 22. HP: 118/160 MP: 16/22
 55788 | Depths:2 | Noticed a caustic shrike
 55797 | Depths:2 | Killed a caustic shrike
 57098 | Depths:3 | Reached skill level 18 in Dodging
 57426 | Depths:3 | Found a one-way gate leading to the halls of Pandemonium.
 57544 | Depths:3 | Received a gift from Trog
 57797 | Depths:3 | Identified the ring "Odudue" {Fire Str+6 Stlth+}
 57834 | Depths:3 | Noticed a juggernaut
 57855 | Depths:3 | Killed a juggernaut
 57889 | Depths:3 | Reached XP level 23. HP: 133/168 MP: 13/23
 58453 | Depths:3 | Identified the +11 halberd "Ynkeathratai" {flame, Dex+4}
 58624 | Depths:3 | Received a gift from Trog
 58625 | Depths:3 | Reached skill level 19 in Dodging
 59773 | Depths:3 | Found a one-way gate to the infinite horrors of the Abyss.
 60798 | Depths:4 | Identified the ring "Zitommitt" {Drain rElec rF+ Dex+2}
 60932 | Depths:4 | Slain by a deep troll shaman

Illustrated notes

Levels and vault maps discovered:
D:1:      lemuel_arrival_funnel, layout_rooms,
          shapermc_ecumenical_altar_starsandcircs, serial_shops,
          nicolae_shop_crystal
D:2:      layout_basic, minmay_misc_feat_square, corexii_corridor_pit
D:3:      layout_loops_ring, nzn_wu_jian_council_hall
D:4:      layout_rooms, nicolae_overflow_hidden_temple, minmay_ogre_servants
D:5:      layout_rooms, minmay_temple_entry_slanted, nrook_mini_backslash,
          kennysheep_small_circle, uniq_prince_ribbit1
D:6:      layout_rooms, mainiacjoe_overflow_cross_hatched,
          fedhas_ov_isle_minmay, okawaru_metal_pillars_1_2, serial_shops, shop,
          uniq_duvessa
D:7:      layout_gridville, mainiacjoe_overflow_six_doors_small, uniq_joseph
D:8:      layout_loops_cross, kennysheep_mini, serial_shops, shop
D:9:      wad_crossroads, layout_basic, serial_shops, nicolae_lakefront_shop,
          uniq_psyche
D:10:     layout_loops_ring, david_orc_1_choice
D:11:     layout_basic, due_lair_maze_entry_diamond, enter_trove_5,
          fountainhead, hangedman_decor_opposing
D:12:     layout_stronghold, led_sif_pool, uniq_urug, uniq_nergalle
D:13:     layout_long_grid, hangedman_incinerator, uniq_maurice
D:14:     layout_basic, david_vaults_1, lemuel_crystal_altar
D:15:     grunt_enter_depths_snipers, layout_basic, minmay_misc_feat_diagonals,
          gauntlet_entry_generic, uniq_louise
Lair:1:   layout_regular_city, chequers_serial_rivers_room_a, st_stairs_7,
          grunt_megastairs_4, minmay_lair_oklob_chamber
Lair:2:   layout_regular_city, swamp_mist_pool, serial_bayou_shore_b
Lair:3:   layout_gridlike, dummy_snake_entry
Lair:4:   layout_loops_ring, st_stairs_7
Lair:5:   layout_long_grid, minmay_slime_entry_pillars, roderic_carrion_pond
Lair:6:   gammafunk_lair_ancient_temple, layout_long_grid, serial_bayou_lake_a
Swamp:1:  layout_falls_marsh, evilmike_swamp_ruin_house_4, ldierk_geyser,
          swamp_pool4, nicolae_swamp_fairy_circle
Swamp:2:  layout_falls_marsh, portal_ice_cave_entry_frozen_things,
          nicolae_swamp_triple_paths
Swamp:3:  nicolae_swamp_secret_spriggan_hideout, layout_falls_marsh,
          ebering_ghost_inner_flame, nicolae_swamp_decorative_isthmus,
          infiniplex_staircase_pool
Swamp:4:  swamp_icy, layout_basic_swamp, swamp_pool1, beargit_elvish_explorers
Snake:1:  layout_rooms, serial_shops, nicolae_shop_trees,
          nicolae_snake_gridmaze_spiral, nicolae_snake_storage_room
Snake:2:  layout_gridlike, serial_bayou_lagoon_a, uniq_aizul, uniq_roxanne
Snake:3:  layout_gridlike, nicolae_snake_salamander_zone
Snake:4:  snake_pit, layout_onion
Orc:1:    layout_diamond_mine
Orc:2:    grunt_orc_gardens, layout_caves, grunt_orc_garden, grunt_orc_garden,
          grunt_orc_garden, grunt_orc_garden, nicolae_shop_clearance,
          uniq_snorg, uniq_josephine
Elf:1:    eino_elf_arrival_the_gate, layout_geoelf_octagon,
          hangedman_elven_crosses_minicolossus, minmay_misc_feat_columns,
          nicolae_elf_deep_mausoleum
Elf:2:    elven_hall_of_blades_hangedman_alternative
          [nicolae_blade_entry_pointy_end], layout_onion_city, serial_shops,
          bzr_in_the_mist, shop, shop, nicolae_shop_stone, shop,
          infiniplex_enter_wizlab_spiral
Elf:3:    minmay_elf_hall_quartered_circle, layout_onion_city
Depths:1: layout_gridlike, hell_entry, serial_shops, shop,
          nicolae_gozag_zags_fifth_avenue, minmay_the_grid_2x2
          [minmay_the_grid_paths, minmay_the_grid_expand, minmay_the_grid_doors,
          minmay_the_grid_prize_four_corners_diamond_b],
          kennysheep_random_hallway, grunt_megastairs_1, serial_bayou_shore_b,
          serial_bayou_shore_b
Depths:2: cell_vault, layout_gridville, grunt_mini_vestibule,
          minmay_staircase_bubble, hangedman_cracks_in_the_wall,
          minmay_shop_star, uniq_mara, uniq_asterion
Depths:3: minmay_big_diamond_grid, layout_basic, marbit_kobold_abyss_entry,
          hell_entry, grunt_decor_junction, pan_entry, minivault_16,
          serial_bayou_shore_b, minmay_staircase_windowed_large
Depths:4: minmay_polygon_palace, layout_gridville,
          abyss_entry_small_statue_room, hell_entry,
          infiniplex_staircase_pool_2, uniq_boris

Skill      XL: |  1  2  3  4  5  6  7  8  9 10 11 12 13 14 15 16 17 18 19 20 21 22 23 |
---------------+----------------------------------------------------------------------+-----
Short Blades   | 4 5 6 7 9 10 | 10.4
Dodging        | 4 5 7 9 10 12 14 15 16 17 18 19 | 19.3
Stealth        | 4 8 11 12 14 16 18 | 18.6
Fighting       | 7 10 12 13 14 16 17 | 17.3
Evocations     | 4 6 |  6.1
Shields        | 3 7 11 13 15 | 15.5
Throwing       | 5 7 9 11 12 | 12.2
Axes           | 6 13 17 18 | 18.1

Action                   |  1- 3 |  4- 6 |  7- 9 | 10-12 | 13-15 | 16-18 | 19-21 | 22-24 || total
-------------------------+-------+-------+-------+-------+-------+-------+-------+-------++-------
Melee: Short sword       |    60 |       |       |       |       |       |       |       ||    60
       Constrict         |    17 |    30 |    36 |    68 |   164 |   154 |   154 |    35 ||   658
       Tentacles         |    16 |    25 |    52 |   151 |   578 |   529 |  1128 |   251 ||  2730
       Dagger            |     8 |   110 |       |       |       |       |       |       ||   118
       Quick blade       |       |     8 |   214 |   537 |  1559 |  1379 |  3252 |   205 ||  7154
       Broad axe         |       |       |       |       |       |       |       |   524 ||   524
Throw: Dart              |       |       |       |     2 |     3 |    22 |     4 |       ||    31
Invok: Berserk           |       |     4 |     1 |     8 |    13 |     9 |    13 |     6 ||    54
       Trog's Hand       |       |       |       |     1 |     1 |     3 |     4 |     2 ||    11
       Brothers in Arms  |       |       |       |       |       |     2 |     2 |     2 ||     6
Evoke: Wand              |       |       |       |       |       |     1 |       |     1 ||     2
       Phial of floods   |       |       |       |       |       |     1 |     1 |       ||     2
  Use: Scroll            |     3 |     5 |       |    10 |    11 |     8 |    11 |    11 ||    59
       Potion            |       |       |       |     1 |       |     3 |     3 |     5 ||    12
 Stab: Sleeping          |     7 |     2 |    11 |    45 |    44 |    45 |    60 |    28 ||   242
       Distracted        |     1 |       |       |     2 |     7 |     4 |     8 |     3 ||    25
       Petrified         |       |       |       |       |       |       |       |     6 ||     6
Armor: Skin              |     2 |     2 |     1 |     8 |    28 |    28 |    68 |    24 ||   161
Dodge: Dodged            |    36 |    73 |    62 |   194 |   826 |   480 |   934 |   322 ||  2927
Block: Kite shield       |       |       |       |       |       |   274 |  1298 |   364 ||  1936
       Reflection        |       |       |       |       |       |    29 |   178 |     8 ||   215
